 Dungeon Crawl Stone Soup version 0.29-a0-323-g050149af67 (webtiles) character file.

Game seed: 9773768886503619773

284 Jortsu the Chopper (level 6, -3/53 HPs)
             Began as a Hill Orc Fighter on Apr 11, 2022.
             Was an Initiate of Beogh.
             Succumbed to a water moccasin's poison
             ... on level 5 of the Dungeon.
             The game lasted 00:04:07 (2522 turns).

Jortsu the Chopper (Hill Orc Fighter)               Turns: 2522, Time: 00:04:07

Health: -3/53      AC:  8    Str: 21    XL:     6   Next: 29%
Magic:  6/6        EV:  6    Int:  8    God:    Beogh [......]
Gold:   106        SH: 14    Dex: 10    Spells: 5/5 levels left

rFire   + . .      SeeInvis .   a - +0 war axe
rCold   . . .      Faith    .   o - +2 tower shield
rNeg    . . .      Spirit   .   b - +0 scale mail
rPois   .          Reflect  .   f - +0 helmet
rElec   .          Harm     .   (no cloak)
rCorr   .          Rampage  .   (no gloves)
Will    .....                   (no boots)
Stlth   ..........              (no amulet)
HPRegen 0.17/turn               m - ring of protection from fire
MPRegen 0.10/turn               (no ring)

@: lethally poisoned (-3 -> -21)
A: no striking features
a: Renounce Religion


You were on level 5 of the Dungeon.
You worshipped Beogh.
Beogh was noncommittal.
You visited 1 branch of the dungeon, and saw 4 of its levels.

You collected 106 gold pieces.

Inventory:

Hand Weapons
 a - a +0 war axe (weapon)
Armour
 b - a +0 scale mail (worn)
 f - a +0 helmet (worn)
 o - a +2 tower shield (worn)
Jewellery
 m - a ring of protection from fire (left hand)
Scrolls
 c - a scroll of identify
 g - a scroll of noise
 n - a scroll of teleportation
Potions
 d - a potion of haste {unknown}
 e - 2 potions of flight
 i - 2 potions of curing {unknown}
 j - a potion of attraction {unknown}
 l - 2 potions of might


   Skills:
 + Level 4.3 Fighting
 + Level 5.8 Axes
 + Level 4.8 Armour
 + Level 0.9 Dodging
 + Level 4.0 Shields


You had 5 spell levels left.
You didn't know any spells.
Your spell library was empty.

Dungeon Overview and Level Annotations

Branches:
Dungeon (3/15)

Altars:
Makhleb

Shops:
D:2 [


Message History

The water moccasin is lightly wounded.
The water moccasin bites you. You block the water moccasin's attack.
The water moccasin bites you but does no damage.
You barely miss the water moccasin.
The water moccasin is lightly wounded.
The water moccasin bites you but does no damage.
The water moccasin barely misses you.
You slash the water moccasin!
The water moccasin is severely wounded.
The water moccasin bites you.
You are poisoned.
The water moccasin poisons you! You block the water moccasin's attack.
You slash the water moccasin!
The water moccasin is almost dead.
You feel extremely sick. The water moccasin bites you.
The water moccasin bites you but does no damage.
You closely miss the water moccasin.
The water moccasin is almost dead.
You feel very sick. You block the water moccasin's attack.
The water moccasin bites you. x2
You are more poisoned.
The water moccasin poisons you!
You miss the water moccasin.
The water moccasin is almost dead.
You feel extremely sick. The water moccasin bites you.
You are more poisoned.
The water moccasin poisons you! You block the water moccasin's attack.
You closely miss the water moccasin.
The water moccasin is almost dead.
* * * LOW HITPOINT WARNING * * *
You feel extremely sick. The water moccasin bites you.
* * * LOW HITPOINT WARNING * * *
An orc opens the door.
You block the water moccasin's attack.
You hit the water moccasin.
You kill the water moccasin!
Beogh accepts your kill.
You die...

#.###.### #)#.....
..#####.#.#.#
.......)....#
..###.....### ##...##
#...# ##)## #...# #)#
####...### #@#
#......... ##'##
#........ ##...####
....... ##.......#
##...# ##...##...##
##....#
#....#.._..###.....###
'o...#.....#.......)..
##....#########.!.#####
##.......# ##.##


You could see a neutral orc (wandering).

Vanquished Creatures
  Sigmund (D:2)
  A water moccasin (D:5)
  A phantom (D:5)
  An adder (D:5)
  2 worms (D:2)
  3 dart slugs
  3 orcs (D:5)
  2 ball pythons (D:1)
  7 bats
  5 endoplasms
  A giant cockroach (D:2)
  3 goblins
  6 hobgoblins
  6 jackals
  3 quokkas
  A frilled lizard (D:2)
  3 kobolds
  2 rats
51 creatures vanquished.

Vanquished Creatures (others)
  An orc wizard (D:5)
  2 orcs (D:5)
3 creatures vanquished.

Grand Total: 54 creatures vanquished

Notes
Turn   | Place    | Note
-------+----------+-------------------------------------------
     0 | D:1      | Jortsu the Hill Orc Fighter began the quest for the Orb.
     0 | D:1      | Reached XP level 1. HP: 19/19 MP: 1/1
   108 | D:1      | Reached skill level 3 in Axes
   198 | D:1      | Reached XP level 2. HP: 13/27 MP: 2/2
   718 | D:1      | Reached XP level 3. HP: 32/33 MP: 3/3
  1238 | D:2      | Found Vuderupn's Antique Armour Shoppe.
  1358 | D:2      | Noticed Sigmund
  1521 | D:2      | Killed Sigmund
  1522 | D:2      | Reached skill level 5 in Axes
  1522 | D:2      | Reached XP level 4. HP: 23/41 MP: 4/4
  1522 | D:2      | Reached XP level 5. HP: 27/47 MP: 5/5
  1739 | D:2      | Identified the +5 dagger of Somewhere Else {vorpal, rElec
                  | Int-5 Dex+3}
  2227 | D:3      | You fall into a shaft and drop 2 floors!
  2227 | D:5      | Entered Level 5 of the Dungeon
  2336 | D:5      | Became a worshipper of Beogh the Brigand
  2350 | D:5      | Noticed a phantom
  2373 | D:5      | Killed a phantom
  2374 | D:5      | Reached XP level 6. HP: 41/53 MP: 6/6
  2456 | D:5      | Found a burning altar of Makhleb.
  2510 | D:5      | Noticed a water moccasin
  2522 | D:5      | Killed a water moccasin
  2522 | D:5      | Succumbed to a water moccasin's poison

Illustrated notes

Levels and vault maps discovered:
D:1:      giann_bridges, layout_loops_corners, minivault_26
D:2:      layout_loops_ring, serial_shops, shop, minmay_misc_feat_rugged,
          grunt_ministairs_1, uniq_sigmund
D:3:      layout_basic, gammafunk_ghost_split, minmay_misc_feat_rows
D:5:      layout_loops_corners, mainiacjoe_overflow_alcove_1,
          lemuel_old_faithful

Skill      XL: |  1  2  3  4  5 |
---------------+----------------+-----
Axes           | 3 5 |  5.8
Fighting       | 4 |  4.3
Armour         | 4 |  4.8
Shields        | 4 |  4.0
Dodging        | |  0.9

Action                   |  1- 3 |  4- 6 || total
-------------------------+-------+-------++-------
Melee: War axe           |    76 |    72 ||   148
Invok: Convert to Beogh  |       |     1 ||     1
  Use: Scroll            |     4 |     1 ||     5
       Potion            |     1 |       ||     1
Armor: Scale mail        |    44 |    40 ||    84
Dodge: Dodged            |    51 |    25 ||    76
Block: Buckler           |    29 |    17 ||    46
       Tower shield      |       |    30 ||    30

Table legend: (Time is in decaauts)
 A = Elapsed time spent in this place.
 B = Non-inter-level travel time spent in this place.
 C = Inter-level travel time spent in this place.
 D = Time resting spent in this place.
 E = Time spent auto-exploring this place.
 F = Levels seen in this place.
 G = Mean time per level.
                   A        B        C        D        E       F      G
               +--------+--------+--------+--------+--------+-----+--------+
         Total |   2580 |   2513 |     67 |    257 |   1641 |   4 |  645.0 |
       Dungeon |   2580 |   2513 |     67 |    257 |   1641 |   4 |  645.0 |
               +--------+--------+--------+--------+--------+-----+--------+

Top non-repeatable levels by time:
     D:1: 1358 daAuts
     D:2: 907 daAuts
     D:5: 315 daAuts
